 Dungeon Crawl Stone Soup version 0.31-a0-692-gf03d1854d5 (webtiles) character file.

Game seed: 5861881928290027530

953 qw the Skirmisher (level 8, -5/50 HPs)
             Began as a Gargoyle Hunter on Sept 6, 2023.
             Was an Initiate of Okawaru.
             Slain by a gnoll
             ... wielding a +0 spear
              (7 damage)
             ... on level 5 of the Dungeon.
             The game lasted 00:01:55 (3941 turns).

qw the Skirmisher (Gargoyle Hunter)                 Turns: 3941, Time: 00:01:56

Health: -5/50      AC: 12    Str: 18    XL:     8   Next: 14%
Magic:  8/8        EV: 11    Int: 11    God:    Okawaru [......]
Gold:   220        SH:  0    Dex: 15    Spells: 7/7 levels left

rFire   . . .        Y - +1 shortbow
rCold   . . .        (shield currently unavailable)
rNeg    + . .        e - +0 ring mail
rPois   inf          (no helmet)
rElec   +            (no cloak)
rCorr   .            c - +0 pair of gloves of Woaps {Str+4}
SInv    .            (no boots)
Will    .....        (no amulet)
Stlth   +            (no ring)
HPRegen 0.28/turn    (no ring)
MPRegen 0.11/turn

%: no passive effects
@: no status effects
A: sickness immunity, AC +5, negative energy resistance 1, electricity
resistance, torment resistance 1, petrification resistance
a: Renounce Religion


You were on level 5 of the Dungeon.
You worshipped Okawaru.
Okawaru was noncommittal.
You visited 2 branches of the dungeon, and saw 6 of its levels.

You collected 220 gold pieces.


Innate Abilities, Weirdness & Mutations

You are immune to sickness and miasma.
Your stone body is resilient. (AC +5)
You are immune to poison.
You resist negative energy. (rN+)
You are resistant to electric shocks. (rElec)
You are resistant to unholy torment.
You are immune to petrification.


   Skills:
 - Level 5.4 Fighting
 + Level 8.1 Ranged Weapons
 - Level 2.0 Armour
 - Level 2.3 Dodging
 - Level 1.1 Stealth
 - Level 1.2 Invocations


You had 7 spell levels left.
You didn't know any spells.
Your spell library was empty.

Inventory:

Hand Weapons
 Y - a +1 shortbow (weapon)
Armour
 c - the +0 pair of gloves of Woaps (worn) {Str+4}
   (You acquired it on level 4 of the Dungeon)

   Str+4:     It affects your strength (+4).
 e - a +0 ring mail (worn)
Scrolls
 a - a scroll of identify
Potions
 d - a potion of haste
 h - a potion of resistance
 j - 4 potions of enlightenment
 m - a potion of cancellation {unknown}

Dungeon Overview and Level Annotations

Branches:
Dungeon (5/15)             Temple (1/1) D:4

Altars:
Ashenzari
Cheibriados
Dithmenos
Elyvilon
Fedhas
Gozag
Hepliaklqana
Kikubaaqudgha
Makhleb
Nemelex Xobeh
Okawaru
Qazlal
Ru
Trog
Vehumet
Wu Jian
Xom
Yredelemnul
Zin
The Shining One

Shops:
D:3 =:

Portals:
Ossuary: D:5


Message History

Okawaru accepts your kill.
You shoot an arrow. The arrow barely misses the gnoll.
The gnoll hits you from afar with a +0 spear.
You shoot an arrow. The arrow hits the gnoll.
The gnoll is severely wounded.
The gnoll hits you from afar with a +0 spear.
You shoot an arrow. The arrow hits the gnoll.
The gnoll is moderately wounded.
The gnoll hits you from afar with a +0 spear.
You shoot an arrow. The arrow barely misses the gnoll.
The gnoll hits you from afar with a +0 spear.
The gnoll hits you with a +0 club.
You shoot an arrow. The arrow hits the gnoll!
The gnoll is almost dead.
The gnoll hits you but does no damage. The gnoll hits you with a +0 club.
The gnoll hits you but does no damage. The gnoll closely misses you. x2
You shoot an arrow. The arrow closely misses the gnoll.
The gnoll closely misses you. x2; The gnoll hits you with a +0 club.
You shoot an arrow. The arrow hits the gnoll!
You kill the gnoll!
Okawaru accepts your kill. The gnoll hits you but does no damage.
You shoot an arrow. The arrow hits the gnoll.
The gnoll is heavily wounded.
The gnoll barely misses you.
The gnoll hits you from afar with a +0 spear.
You shoot an arrow.
The arrow hits the gnoll but does no damage.
The gnoll is heavily wounded.
The gnoll hits you but does no damage. x2; The gnoll barely misses you.
You shoot an arrow. The arrow closely misses the gnoll.
The gnoll hits you but does no damage. The gnoll barely misses you. x2
You shoot an arrow. The arrow barely misses the gnoll.
The gnoll hits you with a +0 club. The gnoll hits you with a +0 flail.
The gnoll hits you but does no damage.
You shoot an arrow. The arrow hits the gnoll.
The gnoll is almost dead.
The gnoll hits you but does no damage. The gnoll misses you.
The gnoll hits you from afar with a +0 spear!
You die...

#####...####..##
##..#...###.....###...
#.......##...>........
#.......#............
##.)#................#
#...#..............###
#.........##...##...#
##.......[###..#..####
##.........##..g@#....##
#...####...#....g##....##
.....# ..##.....g<.......
.........##.........g..##
......##.#...............
#.#...##....#.......#....
[##..####....#......# g..
.##..###.....#........ g.
..#...##......###.##.. .


You could see 3 gnolls.

Vanquished Creatures
  Sigmund (D:3)
  A black bear (D:5)
  A sky beast (D:4)
  A kobold brigand (D:5)
  A gnoll sergeant (D:5)
  2 hounds
  An orc priest (D:5)
  A sleepcap (D:5)
  Natasha (thrice) (D:4)
  9 gnolls (D:5)
  11 adders
  A worm (D:4)
  4 dart slugs
  8 orcs
  6 bats
  An endoplasm (D:1)
  3 giant cockroaches
  7 goblins
  7 hobgoblins
  6 jackals (D:1)
  12 kobolds
  4 quokkas
  6 ball pythons
  4 frilled lizards
  5 rats
106 creatures vanquished.

Notes
Turn   | Place    | Note
-------+----------+-------------------------------------------
     0 | D:1      | qw the Gargoyle Hunter began the quest for the Orb.
     0 | D:1      | Reached XP level 1. HP: 12/12 MP: 1/1
     0 | D:1      | 0 ||| qw: Version: 0.3-a-76-g4403597
     0 | D:1      | 0 ||| qw: Game counter: 183
     0 | D:1      | 0 ||| qw: Melee chars always use a shield: true
     0 | D:1      | 0 ||| qw: God list: Okawaru
     0 | D:1      | 0 ||| qw: Allow faded altars: false
     0 | D:1      | 0 ||| qw: Do Orc after clearing Dungeon:15 true
     0 | D:1      | 0 ||| qw: Do second Lair branch before Depths: true
     0 | D:1      | 0 ||| qw: Lair rune preference: random
     0 | D:1      | 0 ||| qw: Goals: Normal
     0 | D:1      | 0 ||| PLANNING D:1-11
    74 | D:1      | Reached XP level 2. HP: 17/17 MP: 2/2
   268 | D:1      | HP: 4/17 [jackal (1)]
   278 | D:1      | HP: 4/17 [jackal (2)]
   583 | D:1      | Reached XP level 3. HP: 21/21 MP: 3/3
   912 | D:1      | 912 ||| UPGRADING to +0 ring mail.
   922 | D:1      | 922 ||| DROPPING +0 leather armour.
   923 | D:1      | 923 ||| READING scroll labelled SOMNIM KAOTITI.
  1024 | D:1      | 1024 ||| READING scroll labelled ZAR VYIPUSM.
  1028 | D:1      | 1028 ||| READING scroll labelled PORUUK NOISCH.
  1029 | D:1      | 1029 ||| READING scroll labelled TOTZES PALOULL.
  1030 | D:1      | 1030 ||| READING scroll labelled VICZICS QIUMU.
  1031 | D:1      | 1031 ||| DROPPING scroll of butterflies.
  1059 | D:2      | 1059 ||| STAIRDANCE
  1064 | D:2      | 1064 ||| STAIRDANCE
  1103 | D:2      | Found a faded altar of an unknown god.
  1133 | D:2      | Reached skill level 1 in Armour
  1168 | D:2      | Reached skill level 5 in Ranged Weapons
  1273 | D:2      | Reached XP level 4. HP: 27/27 MP: 4/4
  1335 | D:2      | Reached skill level 3 in Fighting
  1493 | D:2      | 1493 ||| READING scroll labelled QUONACZ ITOWAGG.
  1494 | D:2      | 1494 ||| READING scroll labelled ROAHIU WAUCWAD.
  1495 | D:2      | 1495 ||| DRINKING 2 fizzy green potions.
  1496 | D:2      | 1496 ||| DRINKING 2 blue potions.
  1497 | D:2      | 1497 ||| DRINKING 2 white potions.
  1498 | D:2      | 1498 ||| READING 2 scrolls of identify.
  1498 | D:2      | 1498 ||| IDENTIFYING yellow potion
  1499 | D:2      | 1499 ||| DROPPING potion of magic.
  1500 | D:2      | 1500 ||| DROPPING potion of attraction.
  1525 | D:3      | 1525 ||| Stepping ~*~*~tactically~*~*~ (retreating).
  1683 | D:3      | Reached XP level 5. HP: 32/32 MP: 5/5
  1988 | D:3      | Noticed Sigmund
  2005 | D:3      | Killed Sigmund
  2006 | D:3      | Reached skill level 7 in Ranged Weapons
  2006 | D:3      | Reached XP level 6. HP: 29/37 MP: 6/6
  2064 | D:3      | Found a radiant altar of Vehumet.
  2091 | D:3      | Found a glowing silver altar of Zin.
  2359 | D:3      | Found Zitzib's Book Shop.
  2363 | D:3      | Found Goj Laugg's Jewellery Shop.
  2372 | D:3      | 2372 ||| SHOPLISTING +4 ring of slaying (1092 gold, have
                  | 138).
  2372 | D:3      | 2372 ||| SHOPLISTING +6 ring of dexterity (504 gold, have
                  | 138).
  2372 | D:3      | 2372 ||| SHOPLISTING amulet of faith (560 gold, have 138).
  2372 | D:3      | 2372 ||| SHOPLISTING amulet of the acrobat (420 gold, have
                  | 138).
  2372 | D:3      | 2372 ||| SHOPLISTING ring of fire (350 gold, have 138).
  2434 | D:3      | 2434 ||| DROPPING amulet of magic regeneration.
  2435 | D:3      | 2435 ||| READING 2 scrolls of identify.
  2435 | D:3      | 2435 ||| IDENTIFYING metallic purple potion
  2436 | D:3      | 2436 ||| DROPPING potion of degeneration.
  2567 | D:4      | Found a staircase to the Ecumenical Temple.
  2568 | D:4      | 2568 ||| PLANNING TEMPLE
  2570 | D:4      | Identified the +4 short sword of Wocis {venom, rElec rN+
                  | Dex-5}
  2577 | Temple   | Entered the Ecumenical Temple
  2578 | Temple   | 2578 ||| PLANNING OKAWARU WORSHIP
  2587 | Temple   | Became a worshipper of Warmaster Okawaru
  2588 | Temple   | 2588 ||| PLANNING D:1-11
  2668 | D:4      | Noticed a sky beast
  2683 | D:4      | Killed a sky beast
  2684 | D:4      | Reached XP level 7. HP: 37/44 MP: 7/7
  2919 | D:4      | Noticed Natasha
  2920 | D:4      | 2920 ||| Stepping ~*~*~tactically~*~*~ (outnumbered).
  2923 | D:4      | 2923 ||| FLEEEEING.
  2924 | D:4      | 2924 ||| FLEEEEING.
  2927 | D:4      | Killed Natasha
  3098 | D:4      | Noticed Natasha
  3105 | D:4      | Killed Natasha
  3221 | D:4      | Noticed Natasha
  3235 | D:4      | Killed Natasha
  3479 | D:4      | 3479 ||| READING scroll labelled KERCHONOORU.
  3479 | D:4      | Identified a scroll of acquirement
  3479 | D:4      | 3479 ||| ACQUIRING +0 pair of gloves of Woaps {Str+4}
  3479 | D:4      | Acquired the +0 pair of gloves of Woaps {Str+4}
  3481 | D:4      | 3481 ||| UPGRADING to +0 pair of gloves of Woaps {Str+4}.
  3486 | D:4      | 3486 ||| READING scroll labelled NUATWAE BEIQO.
  3487 | D:4      | 3487 ||| READING 2 scrolls of identify.
  3487 | D:4      | 3487 ||| IDENTIFYING golden potion
  3513 | D:5      | Entered Level 5 of the Dungeon
  3514 | D:5      | 3514 ||| PLANNING OSSUARY
  3592 | D:5      | 3592 ||| Stepping ~*~*~tactically~*~*~ (outnumbered).
  3603 | D:5      | Reached * piety under Okawaru
  3604 | D:5      | Reached skill level 8 in Ranged Weapons
  3614 | D:5      | 3614 ||| INVOKING Heroism.
  3640 | D:5      | 3640 ||| FLEEEEING.
  3646 | D:5      | 3646 ||| FLEEEEING.
  3647 | D:5      | 3647 ||| FLEEEEING.
  3724 | D:5      | 3724 ||| Stepping ~*~*~tactically~*~*~ (retreating).
  3726 | D:5      | 3726 ||| Stepping ~*~*~tactically~*~*~ (retreating).
  3728 | D:5      | Reached skill level 1 in Invocations
  3741 | D:5      | 3741 ||| INVOKING Heroism.
  3743 | D:5      | Reached XP level 8. HP: 31/50 MP: 5/8
  3850 | D:5      | Found a sand-covered staircase.
  3851 | D:5      | 3851 ||| READING 4 scrolls of identify.
  3851 | D:5      | 3851 ||| IDENTIFYING viscous black potion
  3852 | D:5      | 3852 ||| READING 3 scrolls of identify.
  3852 | D:5      | 3852 ||| IDENTIFYING bubbling coppery potion
  3853 | D:5      | 3853 ||| READING 2 scrolls of identify.
  3853 | D:5      | 3853 ||| IDENTIFYING bubbling pink potion
  3854 | D:5      | 3854 ||| DROPPING potion of brilliance.
  3855 | D:5      | 3855 ||| DROPPING potion of lignification.
  3865 | D:5      | 3865 ||| Stepping ~*~*~tactically~*~*~ (retreating).
  3870 | D:5      | 3870 ||| Stepping ~*~*~tactically~*~*~ (retreating).
  3872 | D:5      | 3872 ||| Stepping ~*~*~tactically~*~*~ (retreating).
  3873 | D:5      | 3873 ||| Stepping ~*~*~tactically~*~*~ (retreating).
  3877 | D:5      | 3877 ||| Stepping ~*~*~tactically~*~*~ (retreating).
  3879 | D:5      | 3879 ||| INVOKING Heroism.
  3887 | D:5      | HP: 11/50 [gnoll sergeant/+0 trident (7)]
  3888 | D:5      | 3888 ||| READING scroll of teleportation.
  3889 | D:5      | 3889 ||| DRINKING potion of heal wounds.
  3921 | D:5      | 3921 ||| FLEEEEING.
  3928 | D:5      | 3928 ||| Stepping ~*~*~tactically~*~*~ (retreating).
  3937 | D:5      | HP: 7/50 [gnoll/+0 spear (6)]
  3940 | D:5      | HP: 1/50 [gnoll/+0 flail (5)]
  3941 | D:5      | Slain by a gnoll

Levels and vault maps discovered:
D:1:      dpeg_arrival_arbitrary_b, layout_loops_corners
D:2:      layout_rooms, ebering_ecumenical_altar_petrified
D:3:      minmay_wonky_spiral, layout_loops_ring, nicolae_overflow_squiral,
          serial_shops, nicolae_shop_advertising_works
          [nicolae_subvault_shop_adworks], shop, uniq_sigmund
D:4:      layout_basic, minmay_temple_entry_junction_2, uniq_natasha
D:5:      layout_cave_pools, nicolae_ossuary_entry_monument,
          dreamdust_wishing_well
Temple:   nicolae_temple_two_arcs

Skill      XL: |  1  2  3  4  5  6  7  8 |
---------------+-------------------------+-----
Armour         | 1 2 |  2.0
Ranged Weapons | 5 7 8 |  8.1
Fighting       | 3 4 5 |  5.4
Invocations    | 1 |  1.2
Dodging        | 2 |  2.3
Stealth        | |  1.1

Action                     |  1- 3 |  4- 6 |  7- 9 || total
---------------------------+-------+-------+-------++-------
  Melee: Unarmed           |       |       |     9 ||     9
   Fire: Shortbow          |   143 |   147 |   175 ||   465
 Invoke: Heroism           |       |       |     2 ||     2
    Use: Scroll            |     5 |     4 |     7 ||    16
         Potion            |       |     3 |     1 ||     4
 Armour: Leather armour    |    50 |       |       ||    50
         Ring mail         |    48 |    77 |   117 ||   242
         Skin              |       |       |     2 ||     2
  Dodge: Dodged            |   100 |    52 |    94 ||   246

Table legend:
 A = Non-vault XP
 B = Vault XP
 C = Vault XP percentage of total XP
 D = Non-vault monster count
 E = Vault monster count
 F = Vault count percentage of total count
                 A         B        C        D         E       F
            +---------+---------+-------+---------+---------+-------
      Total |    1083 |     279 |  20.5 |     100 |       6 |   5.7
            +---------+---------+-------+---------+---------+-------
        D:1 |      42 |       0 |   0.0 |      22 |       0 |   0.0
        D:2 |      74 |       0 |   0.0 |      20 |       0 |   0.0
        D:3 |     121 |     243 |  66.8 |      17 |       5 |  22.7
        D:4 |     292 |      36 |  11.0 |      18 |       1 |   5.3
        D:5 |     554 |       0 |   0.0 |      23 |       0 |   0.0
            +---------+---------+-------+---------+---------+-------
